 Dungeon Crawl Stone Soup version 0.21-a0-444-g29a2fec (webtiles) character file.

291 Dorkslayer the Covered (level 6, -6/38 HPs)
             Began as a Gargoyle Fighter on Nov 17, 2017.
             Killed by divine providence
             ... invoked by an orc priest
              (16 damage)
             ... on level 4 of the Dungeon.
             The game lasted 00:09:45 (2586 turns).

Dorkslayer the Covered (Gargoyle Fighter)           Turns: 2586, Time: 00:09:47

Health: -6/38      AC: 13    Str: 21    XL:     6   Next: 32%
Magic:  6/6        EV: 11    Int:  8    God:
Gold:   174        SH: 11    Dex: 15    Spells: 5/5 levels left

rFire    . . .     SeeInvis .   a - +6 war axe
rCold    + . .     Gourm    .   c - +1 shield
rNeg     + . .     Faith    .   q - +0 chain mail
rPois    ∞         Spirit   .   (no helmet)
rElec    +         Reflect  .   (no cloak)
rCorr    .         Harm     .   (no gloves)
MR       .....                  (no boots)
Stlth    ..........             (no amulet)
HPRegen  0.12/turn              m - ring of protection from cold
MPRegen  0.10/turn              (no ring)

@: agile
A: negative energy resistance 1, electricity resistance, unbreathing,
petrification resistance, rot immunity, AC +4
a: no special abilities


You were on level 4 of the Dungeon.
You were not hungry.

You visited 1 branch of the dungeon, and saw 4 of its levels.

You collected 174 gold pieces.

Inventory:

Hand Weapons
 a - a +6 war axe (weapon)
Armour
 c - a +1 shield (worn)
 q - a +0 chain mail (worn)
Jewellery
 m - a ring of protection from cold (left hand)
Wands
 x - a wand of lightning (7/15)
Scrolls
 b - a scroll of random uselessness {unknown}
 e - a scroll of immolation {unknown}
 g - 2 scrolls of remove curse
 j - a scroll of recharging
 n - a scroll of teleportation
 p - a scroll of noise {unknown}
 r - 4 scrolls of enchant armour
 s - a scroll of fear
 t - a scroll of magic mapping
 v - a scroll of identify {unknown}
Potions
 d - a potion of might
 i - a potion of agility
 l - a potion of haste {unknown}
 o - a potion of heal wounds {unknown}
 u - a potion of lignification {unknown}
 w - a potion of brilliance {unknown}
 z - a potion of flight {unknown}
Comestibles
 f - 2 bread rations
 h - 2 meat rations
 k - 8 chunks of flesh


   Skills:
 + Level 3.8 Fighting
 + Level 3.5 Axes
 * Level 1.8 Throwing
 + Level 4.2 Armour
 * Level 1.6 Dodging
 + Level 4.1 Shields


You had 5 spell levels left.
You didn't know any spells.

Dungeon Overview and Level Annotations

Branches:
Dungeon (4/15)
 Temple: D:4-7

Altars:
Gozag


Innate Abilities, Weirdness & Mutations

You are resistant to torment.
Your stone body is resilient. (AC +4)
You are immune to poison.
You resist negative energy. (rN+)
You are resistant to electric shocks. (rElec)
You can survive without breathing.
You are immune to petrification.
You are immune to rotting.


Message History

The leopard gecko bites you but does no damage.
You block the slave's attack.
It was a potion of agility.
You feel agile all of a sudden. You block the leopard gecko's attack.
The slave hits you but does no damage.
Evoke which item? (* to show all) (? for menu, Esc to quit)
Aiming: Lightning Bolt (will waste charges)
Press: ? - help, Shift-Dir - straight line, f - orc priest, p - hound
Aim: an orc priest, wielding a dagger and wearing a scale mail Nothing appears to happen.
The leopard gecko closely misses you. You block the leopard gecko's attack.
The slave closely misses you.
Charge which item? (? for menu, Esc to quit)
As you read the scroll of recharging, it crumbles to dust.
Your wand of lightning (?/15) {empty} glows for a moment.
The leopard gecko bites you.
* * * LOW HITPOINT WARNING * * *
The slave barely misses you.
The orc priest invokes the aid of Beogh against you.
Beogh smites you!
You die...

*,,,,,* *,,**,,,*,,,,,,,,,*
*,,...****,,,,,,,,,,,,,****
*,,....,,,,,,,,,**,,,,,*
*,,....#*****,*,,****,,*
*,,,,.).,,,,,,,,,,***,**
*,,,,,..h****,*,,,,,*,* **
*,,,,,*#o###*,,*,,*,,,****,
*,,,,,*#ol.#**,,..,,,,,,,,,
*********#@# **#..,,,*****,
#p# *....,,,,,***,
#S#*#....,,,,,,,*,
#.##.....,,,,,,,,,
#p.......,,,,,,*,,
#...#....,,,,,,,,,
#........,,,,,,,,*
#.###........,,*,, #.#
#.......,,,*,*


You could see 2 slaves, a hound, an orc priest, an orc, a leopard gecko and a
ball python.

Vanquished Creatures
  A water moccasin skeleton (D:4)
  An orc priest (D:4)
  An orc wizard (D:4)
  2 iguanas (D:4)
  A hound skeleton (D:4)
  6 adders
  An ooze (D:1)
  A worm (D:4)
  2 leopard geckos (D:2)
  5 orcs
  4 giant cockroaches
  8 hobgoblins
  A quokka (D:3)
  5 bats
  6 frilled lizards
  8 goblins
  4 kobolds
  4 rats (D:1)
61 creatures vanquished.

Notes
Turn   | Place    | Note
-------+----------+-------------------------------------------
     0 | D:1      | Dorkslayer the Gargoyle Fighter began the quest for the Orb.
     0 | D:1      | Reached XP level 1. HP: 14/14 MP: 1/1
    35 | D:1      | Reached XP level 2. HP: 19/19 MP: 2/2
   763 | D:2      | Reached XP level 3. HP: 10/23 MP: 3/3
  1095 | D:2      | Found an opulent altar of Gozag.
  1411 | D:2      | Reached skill level 1 in Throwing
  1411 | D:2      | Reached XP level 4. HP: 27/29 MP: 4/4
  1495 | D:2      | Reached skill level 1 in Dodging
  2391 | D:4      | Reached XP level 5. HP: 22/33 MP: 5/5
  2504 | D:4      | Reached XP level 6. HP: 26/38 MP: 6/6
  2549 | D:4      | Noticed a slave
  2549 | D:4      | Noticed a slave
  2586 | D:4      | Killed from afar by an orc priest

Vault maps used:
D:1:      kennysheep_arrival_forest, serial_bayou_pond_c
D:2:      nicolae_gozag_seed_capital
D:3:      first_bread, grunt_decor_mini_mirrors
D:4:      grunt_ministairs_3, uniq_pikel

Skill      XL: |  1  2  3  4  5 |
---------------+----------------+-----
Axes           | 2 3 |  3.5
Throwing       | 1 |  1.8
Dodging        | 1 |  1.6
Shields        | 4 |  4.1
Armour         | 4 |  4.2
Fighting       | |  3.8

Action                   |  1- 3 |  4- 6 || total
-------------------------+-------+-------++-------
Melee: War axe           |   127 |    98 ||   225
Evoke: Wand              |       |     3 ||     3
  Use: Scroll            |       |    13 ||    13
       Potion            |       |     1 ||     1
  Eat: Chunk             |     2 |     4 ||     6
Armor: Scale mail        |    36 |       ||    36
       Chain mail        |    31 |    71 ||   102
Dodge: Dodged            |    35 |    32 ||    67
Block: Shield            |    88 |    65 ||   153

Table legend:
 A = Spawn XP
 B = Non-spawn XP
 C = Spawn XP percentage of total XP
 D = Spawn monster count
 E = Non-spawn monster count
 F = Spawn count percentage of total count
 G = Total turns spent on level
                    A         B        C        D         E        F      G
               +---------+---------+-------+---------+---------+-------+---------
         Total |       0 |     417 |   0.0 |       0 |      61 |   0.0 |  2586
               +---------+---------+-------+---------+---------+-------+---------
           D:1 |       0 |      29 |   0.0 |       0 |      17 |   0.0 |   739
           D:2 |       0 |      78 |   0.0 |       0 |      18 |   0.0 |  1110
           D:3 |       0 |      33 |   0.0 |       0 |      12 |   0.0 |   519
           D:4 |       0 |     277 |   0.0 |       0 |      14 |   0.0 |   218
               +---------+---------+-------+---------+---------+-------+---------
